 Dungeon Crawl Stone Soup version 0.31-a0-23-gcbde74481b (webtiles) character file.

Game seed: 16808220175745866661

115 MisterAzrael the Conjurer (level 4, -13/24 HPs)
             Began as a Deep Elf Conjurer on May 13, 2023.
             Mangled by an ogre
             ... wielding a +0 giant spiked club
              (26 damage)
             ... on level 4 of the Dungeon.
             The game lasted 00:03:36 (3123 turns).

MisterAzrael the Conjurer (Deep Elf Conjurer)       Turns: 3123, Time: 00:03:37

Health: -13/24     AC:  2    Str:  4    XL:     4   Next: 68%
Magic:  3/12       EV: 12    Int: 25    God:
Gold:   159        SH:  0    Dex: 13    Spells: 4/11 levels left

rFire   . . .        (no weapon)
rCold   . . .        (no shield)
rNeg    . . .        a - +0 robe
rPois   +            (no helmet)
rElec   .            (no cloak)
rCorr   .            (no gloves)
SInv    +            (no boots)
Will    .....        (no amulet)
Stlth   ++           c - ring of see invisible
HPRegen 0.24/turn    s - ring of poison resistance
MPRegen 0.13/turn

%: no passive effects
@: no status effects
A: no striking features
a: no special abilities


You were on level 4 of the Dungeon.
You visited 1 branch of the dungeon, and saw 4 of its levels.

You collected 159 gold pieces.

Inventory:

Missiles
 i - a throwing net
Armour
 a - a +0 robe (worn)
Jewellery
 c - a ring of see invisible (left hand)
 l - a +6 ring of strength
 s - a ring of poison resistance (right hand)
Scrolls
 d - 3 scrolls of immolation {unknown}
 f - 3 scrolls of identify {unknown}
 m - a scroll of amnesia {unknown}
 n - 2 scrolls of fear {unknown}
 o - a scroll of enchant weapon {unknown}
 p - a scroll of brand weapon {unknown}
 r - 3 scrolls of teleportation {unknown}
 t - a scroll of blinking {unknown}
 u - a scroll of summoning {unknown}
Potions
 b - a potion of magic
 e - 2 potions of degeneration {unknown}
 g - 2 potions of curing {unknown}
 h - 2 potions of haste {unknown}
 j - a potion of flight {unknown}
 k - a potion of ambrosia {unknown}
 q - a potion of berserk rage {unknown}


   Skills:
 - Level 2.5 Dodging
 - Level 2.5 Stealth
 + Level 4.3 Spellcasting
 * Level 5.8 Conjurations
 * Level 1.6 Hexes


You had 4 spell levels left.
You knew the following spells:

 Your Spells              Type           Power      Damage    Failure   Level
a - Magic Dart            Conj           100%       1d8       1%          1
b - Searing Ray           Conj           68%        2d6       1%          2
c - Fulminant Prism       Conj/Hex       12%        3d8       19%         4

Your spell library contained the following spells:

 Spells                   Type           Power      Damage    Failure   Level
 Dazzling Flash           Conj/Hex       48%        N/A       5%          3
 Ensorcelled Hibernation  Hex/Ice        18%        N/A       10%         2
 Passwall                 Tmut/Erth      4%         N/A       13%         2
 Gell's Gravitas          Tloc           5%         N/A       26%         3
 Swiftness                Air            5%         N/A       26%         3
 Teleport Other           Tloc           5%         N/A       26%         3
 Iskenderun's Mystic Bla  Conj/Tloc      20%        2d6       26%         4
 Dispersal                Tloc           2%         N/A       100%        6
 Borgnjor's Revivificati  Necr           2%         N/A       100%        8
 Necromutation            Tmut/Necr      2%         N/A       100%        8
 Death's Door             Necr           2%         N/A       100%        9


Dungeon Overview and Level Annotations

Branches:
Dungeon (4/15)
 Temple: D:4-7

Altars:
Gozag

Annotations:
D:3 2 transporters, sircluck's ghost, amateur KoBr


Message History

The endoplasm is heavily wounded.
The magic dart hits the endoplasm.
The endoplasm is almost dead.
The magic dart hits the endoplasm.
You kill the endoplasm!
A hobgoblin comes into view.
A hobgoblin is nearby!
The magic dart hits the hobgoblin.
The hobgoblin is almost dead.
The magic dart hits the hobgoblin.
You kill the hobgoblin!
A gnoll comes into view. It is wielding a +0 club.
A gnoll is nearby!
The magic dart hits the gnoll.
The gnoll is lightly wounded.
A gnoll comes into view. It is wielding a +0 club.
The magic dart hits the gnoll.
The gnoll is heavily wounded.
The gnoll shouts!
The magic dart hits the gnoll!
You kill the gnoll!
The gnoll attacks as you move away! The gnoll hits you with a +0 club.
The gnoll attacks as you move away! The gnoll barely misses you.
An ogre comes into view. It is wielding a +0 giant spiked club.
The gnoll attacks as you move away! The gnoll closely misses you.
Casting: Magic Dart (safe; 1% risk of failure)
Confirm with . or Enter, or press ? or * to list all spells.
Aiming: Searing Ray (safe; 1% risk of failure)
Press: ? - help, Shift-Dir - straight line, f - gnoll
Aim: a gnoll, wielding a +0 club (83% to hit)
The searing ray hits the gnoll!
The gnoll is heavily wounded. (Press . to maintain the ray.)
The ogre shouts!
The gnoll hits you with a +0 club.
The searing ray hits the gnoll.
The gnoll is severely wounded.
The ogre hits you with a +0 giant spiked club!!
Ouch! That really hurt!
You die...

##############
#####..........O@#
.........#######g#
.........# #.#
.#######)# #.#
.........# #.##
.######..#######..#
## #...........#
##.#######..#
#.#######..####


You could see an ogre and a gnoll.

Vanquished Creatures
  2 gnolls (D:4)
  2 adders (D:2)
  2 worms
  4 dart slugs
  An orc (D:3)
  6 endoplasms
  3 giant cockroaches
  7 goblins
  6 hobgoblins
  5 kobolds
  4 quokkas
  5 ball pythons
  6 bats
  2 frilled lizards
  3 rats
58 creatures vanquished.

Notes
Turn   | Place    | Note
-------+----------+-------------------------------------------
     0 | D:1      | MisterAzrael the Deep Elf Conjurer began the quest for the
                  | Orb.
     0 | D:1      | Reached XP level 1. HP: 10/10 MP: 6/6
   286 | D:1      | Reached XP level 2. HP: 15/15 MP: 5/8
   913 | D:1      | Learned a level 2 spell: Searing Ray
   937 | D:1      | Reached skill level 5 in Conjurations
  1256 | D:2      | Reached XP level 3. HP: 19/19 MP: 8/10
  1829 | D:2      | Reached XP level 4. HP: 24/24 MP: 6/12
  1837 | D:2      | Learned a level 4 spell: Fulminant Prism
  2146 | D:3      | Noticed sircluck's ghost (amateur KoBr)
  2168 | D:3      | Found a transporter.
  2193 | D:3      | Found a transporter.
  2326 | D:3      | Found an opulent altar of Gozag.
  2618 | D:3      | Reached skill level 1 in Hexes
  3120 | D:4      | Noticed an ogre
  3123 | D:4      | Mangled by an ogre

Illustrated notes

Levels and vault maps discovered:
D:1:      dpeg_arrival_round_a, layout_loops_corners, st_stairs_3
D:2:      layout_rooms, serial_glass, glass_columns_a, glass_columns_a,
          glass_columns_b, glass_columns_b, glass_columns_c, glass_columns_b,
          kennysheep_crisscross
D:3:      layout_loops_ring, nicolae_gozag_seed_capital,
          gammafunk_ghost_stat_death, kennysheep_pointless_box,
          minmay_hedge_maze
D:4:      layout_loops_ring

Skill      XL: |  1  2  3  4 |
---------------+-------------+-----
Conjurations   | 5 |  5.8
Spellcasting   | 4 |  4.3
Hexes          | 1 |  1.6
Dodging        | |  2.5
Stealth        | |  2.5

Action                     |  1- 3 |  4- 6 || total
---------------------------+-------+-------++-------
   Cast: Magic Dart        |    77 |    51 ||   128
         Searing Ray       |     2 |     2 ||     4
 Armour: Robe              |     1 |     3 ||     4
  Dodge: Dodged            |     4 |     7 ||    11

Table legend: (Time is in decaauts)
 A = Elapsed time spent in this place.
 B = Non-inter-level travel time spent in this place.
 C = Inter-level travel time spent in this place.
 D = Time resting spent in this place.
 E = Time spent auto-exploring this place.
 F = Levels seen in this place.
 G = Mean time per level.
                   A        B        C        D        E       F      G
               +--------+--------+--------+--------+--------+-----+--------+
         Total |   3126 |   3060 |     66 |    122 |   2627 |   4 |  781.5 |
       Dungeon |   3126 |   3060 |     66 |    122 |   2627 |   4 |  781.5 |
               +--------+--------+--------+--------+--------+-----+--------+

Top non-repeatable levels by time:
     D:1: 1253 daAuts
     D:3: 884 daAuts
     D:2: 759 daAuts
     D:4: 228 daAuts
